 Dungeon Crawl Stone Soup version 0.29-a0-857-g9b1aa3ac5b (webtiles) character file.

Game seed: 770495901004135608

57 Zonian the Chiller (level 3, 0/24 HPs)
             Began as a Demonspawn Ice Elementalist on July 16, 2022.
             Was a Follower of Makhleb.
             Slain by a gnoll
             ... wielding a +0 spear
              (5 damage)
             ... on level 2 of the Dungeon.
             The game lasted 00:03:35 (1508 turns).

Zonian the Chiller (Demonspawn Ice Elementalist)    Turns: 1508, Time: 00:03:36

Health: 0/24       AC:  2    Str:  8    XL:     3   Next: 73%
Magic:  6/6        EV: 12    Int: 22    God:    Makhleb [*.....]
Gold:   62         SH:  0    Dex: 15    Spells: 6/7 levels left

rFire   . . .      SeeInvis +   b - +1 dagger (venom)
rCold   . . .      Faith    .   (no shield)
rNeg    . . .      Spirit   .   a - +0 robe
rPois   .          Reflect  .   (no helmet)
rElec   .          Harm     .   (no cloak)
rCorr   .          Rampage  .   (no gloves)
Will    .....                   (no boots)
Stlth   +.........              (no amulet)
HPRegen 0.08/turn               e - +6 ring of intelligence
MPRegen 0.10/turn               k - ring of see invisible

@: confused, mighty, ambrosia-drunk, attractive
A: weakness stinger 1
a: Renounce Religion


You were on level 2 of the Dungeon.
You worshipped Makhleb.
Makhleb was aware of your devotion.
You visited 1 branch of the dungeon, and saw 2 of its levels.

You collected 62 gold pieces.

Inventory:

Hand Weapons
 b - a +1 dagger of venom (weapon)
 j - a +0 short sword
 o - a +0 falchion
Armour
 a - a +0 robe (worn)
Jewellery
 e - a +6 ring of intelligence (left hand)
 k - a ring of see invisible (right hand)
Scrolls
 d - a scroll of noise {unknown}
 g - a scroll of immolation {unknown}
 i - a scroll of brand weapon {unknown}
 l - a scroll of identify {unknown}
 m - a scroll of blinking {unknown}


   Skills:
 + Level 2.3 Dodging
 + Level 2.4 Stealth
 + Level 2.5 Spellcasting
 + Level 3.9 Ice Magic
 + Level 1.2 Invocations


You had 6 spell levels left.
You knew the following spells:

 Your Spells              Type           Power      Damage    Failure   Level
a - Freeze                Ice            80%        1d9       2%          1

Your spell library contained the following spells:

 Spells                   Type           Power      Damage    Failure   Level
 Frozen Ramparts          Ice            40%        1d6       8%          3
 Ozocubu's Armour         Ice            20%        N/A       8%          3
 Ignite Poison            Fire/Tmut/Pois 2%         N/A       36%         3
 Mephitic Cloud           Conj/Pois/Air  2%         N/A       36%         3
 Hailstorm                Conj/Ice       11%        3d5       50%         4
 Freezing Cloud           Conj/Ice/Air   4%         6-21      91%         5


Dungeon Overview and Level Annotations

Branches:
Dungeon (2/15)

Altars:
Makhleb

Shops:
D:1 =(


Innate Abilities, Weirdness & Mutations

You have a small tail.


Message History

Confirm with . or Enter, or press ? or * to list all spells.
Aiming: Freeze (safe; 2% risk of failure)
Press: ? - help, Shift-Dir - straight line, f/p - gnoll
Aim: a gnoll, wielding a +0 flail and wearing a +0 chain mail (heavily wounded)
You freeze the gnoll!
You kill the gnoll!
Makhleb accepts your kill. The gnoll closely misses you.
It was a potion of might.
You feel very mighty all of a sudden.
The gnoll hits you from afar with a +0 spear.
* * * LOW HITPOINT WARNING * * *
You puncture the worm!
The worm is poisoned.
You tail-slap the worm!
You kill the worm!
Makhleb accepts your kill.
The gnoll hits you from afar with a +0 spear.
* * * LOW HITPOINT WARNING * * *
It was a potion of attraction.
You feel attractive to monsters. The gnoll is attracted toward you.
You closely miss the gnoll.
It was a potion of ambrosia.
You are confused.
You feel invigorated.
The gnoll hits you from afar with a +0 spear.
* * * LOW HITPOINT WARNING * * *
The gnoll barely misses you.
You bump into the rock wall.
The gnoll misses you.
The gnoll hits you from afar with a +0 spear.
* * * LOW HITPOINT WARNING * * *
You bump into the rock wall.
The gnoll hits you from afar with a +0 spear.
* * * LOW HITPOINT WARNING * * *
The gnoll misses you.
You bump into the rock wall.
The gnoll misses you.
The gnoll hits you from afar with a +0 spear.
* * * LOW HITPOINT WARNING * * *
You're too confused to move!
The gnoll barely misses you.
The gnoll hits you from afar with a +0 spear.
You die...

.. . .. .. .# ##
... . ### . #
....#.#@#.#.###
....g.#g#.....#
##.#...g.....#.#
###.....##.##.....
#...###.#...#.###.
#.#.#(.........$#
#...###.#...#.###..
..
#.....##.##w..... #
#. #.#.........#..


You could see 2 gnolls.

Vanquished Creatures
  An adder (D:2)
  A gnoll (D:2)
  A worm (D:2)
  A dart slug (D:1)
  4 bats
  3 endoplasms
  3 goblins (D:1)
  A hobgoblin (D:2)
  7 jackals
  2 quokkas
  2 ball pythons
  3 frilled lizards
  3 kobolds
32 creatures vanquished.

Notes
Turn   | Place    | Note
-------+----------+-------------------------------------------
     0 | D:1      | Zonian the Demonspawn Ice Elementalist began the quest for
                  | the Orb.
     0 | D:1      | Reached XP level 1. HP: 13/13 MP: 3/3
   122 | D:1      | Found Nisoffy's Weapon Emporium.
   327 | D:1      | Gained mutation: You have a small tail. [demonic ancestry]
   327 | D:1      | Reached XP level 2. HP: 4/19 MP: 3/5
  1246 | D:1      | Found Xepsiklo's Jewellery Shop.
  1366 | D:1      | Found a faded altar of an unknown god.
  1377 | D:1      | Prayed at the altar of an unknown god.
  1377 | D:1      | Became a worshipper of Makhleb the Destroyer
  1377 | D:1      | Reached * piety under Makhleb
  1430 | D:2      | Reached XP level 3. HP: 22/24 MP: 1/6
  1467 | D:2      | Reached skill level 1 in Invocations
  1501 | D:2      | HP: 1/24 [gnoll/+0 spear (4)]
  1506 | D:2      | HP: 1/24 [gnoll/+0 spear (6)]
  1508 | D:2      | Slain by a gnoll

Illustrated notes

Levels and vault maps discovered:
D:1:      dpeg_arrival_windows_large_door, layout_loops_ring, serial_shops,
          nicolae_shop_competitors_out_of_business, nicolae_shop_stone,
          shapermc_ecumenical_altar_pompeii
D:2:      layout_basic, minmay_fractal_squares_5

Skill      XL: |  1  2  3 |
---------------+----------+-----
Stealth        | 2 |  2.4
Dodging        | 2 |  2.3
Invocations    | 1 |  1.2
Spellcasting   | |  2.5
Ice Magic      | |  3.9

Action                   || total
-------------------------++-------
Melee: Unarmed           ||    23
       Dagger            ||    51
       Punch             ||     1
       Tailslap          ||    10
 Cast: Freeze            ||    21
  Use: Potion            ||     5
 Stab: Sleeping          ||     1
Armor: Robe              ||     8
Dodge: Dodged            ||    79

Table legend: (Time is in decaauts)
 A = Elapsed time spent in this place.
 B = Non-inter-level travel time spent in this place.
 C = Inter-level travel time spent in this place.
 D = Time resting spent in this place.
 E = Time spent auto-exploring this place.
 F = Levels seen in this place.
 G = Mean time per level.
                   A        B        C        D        E       F      G
               +--------+--------+--------+--------+--------+-----+--------+
         Total |   1506 |   1485 |     21 |    443 |    785 |   2 |  753.0 |
       Dungeon |   1506 |   1485 |     21 |    443 |    785 |   2 |  753.0 |
               +--------+--------+--------+--------+--------+-----+--------+

Top non-repeatable levels by time:
     D:1: 1398 daAuts
     D:2: 108 daAuts
